 Dungeon Crawl Stone Soup version 0.30.0-16-gbe6223bb7e (webtiles) character file.

Game seed: 16504899627722210007

287135 juan097 the Slayer (level 19, 0/191 HPs)
             Began as a Minotaur Berserker on May 20, 2023.
             Was the Champion of Trog.
             Slain by Bai Suzhen (12 damage)
             ... on level 2 of the Vaults.
             The game lasted 01:36:34 (44988 turns).

juan097 the Slayer (Minotaur Berserker)            Turns: 44988, Time: 01:36:35

Health: 0/191      AC: 39    Str: 37    XL:     19   Next: 85%
Magic:  18/18      EV: 14    Int:  7    God:    Trog [******]
Gold:   2553       SH:  0    Dex: 13    Spells: 18/18 levels left

rFire   + . .        a - +9 battleaxe (flame)
rCold   + + .        (shield currently unavailable)
rNeg    . . .        Q - +5 plate armour {rPois}
rPois   +            P - +2 hat
rElec   .            J - scarf {rC+ rF+}
rCorr   .            M - +5 pair of gloves of the Enchanted Forest {Int+3}
SInv    .            g - +2 pair of boots {Fly}
Will    +++..        O - amulet "Jusk" {Acrobat rC+ Str+4} Stlth
                     B - +4 ring of protection
HPRegen 1.51/turn    X - +6 ring of strength {=R}
MPRegen 0.16/turn

%: acrobat
@: marked, strong-willed, flying, regenerating, hasted, very quick
A: horns 2, retaliatory headbutt
}: 2/15 runes: serpentine, barnacled
a: Renounce Religion, Berserk, Trog's Hand, Brothers in Arms


You were on level 2 of the Vaults.
You worshipped Trog.
Trog was exalted by your worship.
You visited 6 branches of the dungeon, and saw 32 of its levels.
You visited 1 bazaar.
You also visited: Gauntlet and Ice Cave.

You collected 4239 gold pieces.
You spent 1686 gold pieces at shops.

Inventory:

Hand Weapons
 a - a +9 battleaxe of flaming (weapon)
 b - a +2 antimagic shortbow
 C - a +6 executioner's axe
 W - a +3 antimagic battleaxe
Missiles
 j - 7 throwing nets (quivered)
 m - 4 silver javelins
 v - 42 boomerangs
 A - 13 javelins
Armour
 g - a +2 pair of boots of flying (worn)
 J - a scarf of resistance (worn)
 M - the +5 pair of gloves of the Enchanted Forest (worn) {Int+3}
   (You found it on level 4 of the Lair of Beasts)

   Int:       It affects your intelligence (+3).
 P - a +2 hat (worn)
 Q - a +5 plate armour of poison resistance (worn)
Jewellery
 i - a ring of see invisible
 k - the ring "Junleist" {*Slow rC+ rCorr Dex+5}
   (You bought it in a shop in a bazaar)

   [ring of resist corrosion]

   Dex:       It affects your dexterity (+5).
   rC:        It protects you from cold.
   rCorr:     It protects you from acid and corrosion.
   *Slow:     It may slow you when you take damage.
 B - a +4 ring of protection (left hand)
 F - a ring of positive energy
 G - a ring of protection from fire
 O - the amulet "Jusk" (around neck) {Acrobat rC+ Str+4}
   (You found it in an ice cave)

   [amulet of the acrobat]

   It increases your evasion while moving and waiting.
   Str:       It affects your strength (+4).
   rC:        It protects you from cold.
 X - a +6 ring of strength (right hand) {=R}
Wands
 s - a wand of acid (10)
 u - a wand of roots (8)
 x - a wand of paralysis (2)
 S - a wand of digging (7)
Scrolls
 d - 16 scrolls of teleportation
 o - 6 scrolls of fear
 y - 2 scrolls of silence
 H - 7 scrolls of poison
 I - a scroll of fog
 L - 3 scrolls of enchant weapon
 R - a scroll of summoning
 U - 7 scrolls of vulnerability
Potions
 c - 6 potions of might
 f - a potion of berserk rage
 h - 3 potions of heal wounds
 l - 4 potions of invisibility
 n - 3 potions of flight
 p - 14 potions of curing
 q - 9 potions of haste
 r - 7 potions of lignification
 t - a potion of resistance
 w - 11 potions of attraction
 D - 3 potions of cancellation
 Z - a potion of ambrosia
Miscellaneous
 z - a condenser vane (inert)
 E - a box of beasts
 K - a phial of floods (inert)
 N - a phantom mirror
 Y - a lightning rod (4/4)


   Skills:
 - Level 22.0 Fighting
 - Level 22.0 Axes
 - Level 12.0 Ranged Weapons
 - Level 10.0 Throwing
 - Level 18.0 Armour
 - Level 12.0 Dodging
 + Level 16.4 Evocations


You had 18 spell levels left.
You didn't know any spells.
Your spell library contained the following spells:

 Spells                   Type           Power      Damage    Failure   Level
 Beastly Appendage        Tmut           0%         N/A       85%         1
 Wereblood                Tmut           0%         N/A       94%         2
 Spider Form              Tmut/Pois      0%         N/A       99%         3


Dungeon Overview and Level Annotations

Branches:
Dungeon (15/15)            Temple (0/1) D:5            Lair (5/5) D:10
 Shoals (4/4) Lair:3        Snake (4/4) Lair:2        Slime (0/5) Lair:4
    Orc (2/2) D:11            Elf (0/3) Orc:2        Vaults (2/5) D:14
 Depths (0/4) D:15          IceCv (visited)         Gauntlet (visited)
  Crypt: Vaults:2-3

Altars:
Ashenzari
Cheibriados
Gozag
Hepliaklqana
Kikubaaqudgha
Makhleb
Okawaru
Sif Muna
Trog
Vehumet
Wu Jian
Zin
Jiyva

Shops:
D:12 !   Orc:2 (*[:   Snake:2 ****   Vaults:1 [

Annotations:
D:5 1 runed translucent door, dialectric's ghost, novice GrFi
D:12 2 transporters, SecretSquirrel's ghost, journeyman SpHu
Snake:1 1 transporter
Vaults:2 Bai Suzhen


Innate Abilities, Weirdness & Mutations

You have a pair of horns on your head.
You reflexively headbutt those who attack you in melee.


Message History

a +0 arbalest; a scroll of blinking
Aiming: Corrosive Bolt
Press: ? - help, Shift-Dir - straight line, f/p - Bai Suzhen
Aim: Bai Suzhen, wielding a +0 quarterstaff (moderately wounded, strong, entangled in a net, 100% to hit)
The bolt of acid hits Bai Suzhen!!
Bai Suzhen is moderately wounded.
A deep troll comes into view.
Bai Suzhen roars!
Send 'em back where they came from!
Trog shields your ally from puny magic!
Bai Suzhen struggles against the net.
Aiming: Corrosive Bolt
Press: ? - help, Shift-Dir - straight line, f/p - Bai Suzhen
Aim: Bai Suzhen, wielding a +0 quarterstaff (moderately wounded, strong, entangled in a net, 100% to hit)
The bolt of acid hits Bai Suzhen!!
The acid corrodes Bai Suzhen!
Bai Suzhen roars in fury and transforms into a fierce dragon!
The net rips apart, and Bai Suzhen comes free!
Bai Suzhen is heavily wounded.
You are engulfed in a thunderstorm.
The deep troll barely misses your cyclops.
The deep troll claws your cyclops! The deep troll claws your cyclops.
Your cyclops hits the deep troll!!!
You catch the helpless Bai Suzhen completely off-guard!
You slash Bai Suzhen! You burn Bai Suzhen. You headbutt Bai Suzhen.
Bai Suzhen is severely wounded.
You are engulfed in a thunderstorm.
* * * LOW HITPOINT WARNING * * *
You slice Bai Suzhen!! You burn Bai Suzhen!
Bai Suzhen is severely wounded.
The hell knight mumbles some strange prayers to its god against you.
The bolt of fire hits you but does no damage.
You resist.
Your cyclops hits the deep troll!!
The deep troll dies!
Trog accepts your kill.
You slash Bai Suzhen! You burn Bai Suzhen.
Bai Suzhen is almost dead.
Bai Suzhen bites you!!
* * * LOW HITPOINT WARNING * * *
Bai Suzhen claws you!
You die...

#....#........#
#....#.........
#....+.......#
#....+.<.....#
#....#.......#
#....#.......#
##########§§..##+######
.....§§§~§D§.......
.....§§§§@§§p.../..
.....§§§§~§.........
.....§§§.~..C.......
............)T...###
...##########§§.## ...
T§.# .. T## #


You could see Bai Suzhen (strong, clouds, corroded), a hell knight (fast), 3
deep trolls and a friendly cyclops (summoned, berserk).

Vanquished Creatures
  Vashnia (Snake:3)
  Nikola (Vaults:1)
  Mlioglotl (Snake:3)
  Rupert (Snake:1)
  3 krakens
  Kirke (D:12)
  3 azure jellies (IceCv)
  Roxanne (Snake:1)
  9 nagarajas
  A rockslime (IceCv)
  Ilsuiw (Shoals:3)
  The ghost of Linnx the Executioner, a journeyman MiFi of Okawaru (Snake:2)
  3 vault wardens
  Louise (D:15)
  An orc warlord (Orc:2)
  A very ugly thing (Vaults:1)
  4 ironbound preservers
  4 quicksilver oozes (IceCv)
  2 war gargoyles (Vaults:1)
  2 ironbound thunderhulks (Vaults:1)
  7 dire elephants (Vaults:1)
  A minotaur (Gauntlet)
  Josephine (D:11)
  A yaktaur captain (Vaults:1)
  5 merfolk impalers
  A fire dragon (Lair:5)
  3 merfolk javelineers
  5 vault guards
  2 ogre magi (Vaults:1)
  A peacekeeper (Vaults:1)
  A hell beast (Gauntlet)
  6 catoblepae
  3 hydras
  10 anacondas
  3 ironbound frosthearts (Vaults:1)
  5 merfolk avatars
  7 merfolk aquamancers
  5 centaur warriors
  5 boulder beetles
  A death knight (D:14)
  2 tengu warriors (D:15)
  3 satyrs
  An alligator snapping turtle (Shoals:3)
  A two-headed ogre (D:14)
  15 death yaks
  17 naga warriors
  21 naga sharpshooters
  Urug (D:11)
  An orc high priest (Orc:2)
  6 shock serpents
  3 hell knights (Vaults:2)
  5 salamander mystics
  Nergalle (Orc:2)
  7 skysharks
  22 sea snakes
  12 deep trolls
  A swamp dragon (Lair:5)
  3 orange crystal statues (IceCv)
  5 naga ritualists
  4 phantasmal warriors
  6 lindwurms (Vaults:1)
  36 harpies
  An obsidian statue (Snake:2)
  3 wizards
  4 orc knights (Orc:2)
  2 necromancers (Vaults:2)
  2 ironbound convokers (Vaults:1)
  4 deep elf pyromancers
  9 mana vipers
  5 orc sorcerers
  2 wolf spiders
  18 fauns
  A faun (shapeshifter) (D:15)
  10 ugly things (Shoals:2)
  9 cyclopes
  19 salamanders
  18 manticores
  Joseph (D:10)
  3 vault sentinels
  36 black mambas
  12 elephants
  3 water nymphs
  9 guardian serpents
  8 merfolk sirens
  14 cane toads
  29 naga magi
  2 gargoyles
  2 torpor snails
  17 yaktaurs
  6 rime drakes
  10 komodo dragons
  A kobold demonologist (D:14)
  A tengu conjurer (D:15)
  5 trolls
  2 spectral nagas (Snake:2)
  A polar bear (Lair:4)
  25 merfolk
  A meliai (D:14)
  9 wind drakes
  5 blink frogs (Lair:5)
  4 hornets
  3 snapping turtles
  8 dream sheep
  38 slime creatures
  6 shadows
  2 vampires
  8 wraiths
  16 water elementals
  55 yaks
  14 wyverns
  5 hogs (D:12)
  2 steam dragons
  3 redbacks (Lair:5)
  15 basilisks
  3 wargs
  7 vampire mosquitoes
  Edmund (D:6)
  41 nagas
  3 swamp worms (D:9)
  26 water moccasins
  5 acid dragons
  24 orc warriors
  Duvessa (D:5)
  3 black bears
  4 great orb of eyes simulacra (IceCv)
  3 swamp drakes (Lair:5)
  3 ice beasts
  6 ogres
  4 boggarts (Vaults:1)
  4 wolves (Lair:5)
  13 centaurs
  6 slime creature simulacra (IceCv)
  4 kobold brigands
  9 bullfrogs
  A gnoll sergeant (D:7)
  3 scorpions
  3 glowing shapeshifter simulacra (IceCv)
  8 wights
  Dowan (D:5)
  4 howler monkeys
  A jelly (D:4)
  6 hounds
  2 gnoll boudas
  20 orc priests
  11 iguanas
  28 orc wizards
  4 adders
  13 gnolls
  A shadow imp (D:4)
  A white imp (D:8)
  2 worms (D:3)
  A dart slug (D:1)
  81 orcs
  8 bats
  10 endoplasms
  A giant cockroach (D:1)
  12 hobgoblins
  8 jackals
  29 kobolds
  6 quokkas
  8 ball pythons
  6 frilled lizards
  5 goblins
  5 rats
  11 tentacles
1246 creatures vanquished.

Vanquished Creatures (collateral kills)
  Margery (Vaults:2)
  Aizul (Shoals:2)
  A merfolk impaler (Shoals:2)
  A hydra (D:14)
  A sea snake (Shoals:2)
  A deep troll (Vaults:2)
  A manticore (Shoals:2)
  A merfolk siren (Shoals:2)
8 creatures vanquished.

Vanquished Creatures (others)
  A slime creature (IceCv)
  An orc wizard (Orc:2)
  18 tentacles
20 creatures vanquished.

Grand Total: 1274 creatures vanquished

Notes
Turn   | Place    | Note
-------+----------+-------------------------------------------
     0 | D:1      | juan097 the Minotaur Berserker began the quest for the Orb.
     0 | D:1      | Reached XP level 1. HP: 19/19 MP: 0/0
   133 | D:1      | Reached XP level 2. HP: 27/27 MP: 1/1
   284 | D:1      | Reached ** piety under Trog
   349 | D:1      | Reached XP level 3. HP: 32/33 MP: 2/2
  1433 | D:2      | Reached XP level 4. HP: 28/41 MP: 3/3
  1507 | D:3      | Reached XP level 5. HP: 31/47 MP: 4/4
  1517 | D:3      | Reached skill level 5 in Fighting
  1681 | D:3      | Reached *** piety under Trog
  1682 | D:3      | Reached skill level 5 in Axes
  1901 | D:3      | Found a faded altar of an unknown god.
  2033 | D:3      | Found a snail-covered altar of Cheibriados.
  2459 | D:4      | Reached XP level 6. HP: 56/56 MP: 5/5
  2658 | D:4      | Reached skill level 5 in Armour
  3041 | D:5      | Entered Level 5 of the Dungeon
  3201 | D:5      | Found a runed translucent door.
  3201 | D:5      | Noticed dialectric's ghost (novice GrFi)
  3215 | D:5      | Reached XP level 7. HP: 51/63 MP: 6/6
  3366 | D:5      | Noticed Duvessa
  3382 | D:5      | Noticed Dowan
  3383 | D:5      | Killed Duvessa
  3387 | D:5      | Killed Dowan
  3688 | D:5      | Found a staircase to the Ecumenical Temple.
  4150 | D:6      | Noticed Edmund
  4166 | D:6      | Killed Edmund
  4167 | D:6      | Reached XP level 8. HP: 47/70 MP: 7/7
  4501 | D:6      | Found a glowing silver altar of Zin.
  4638 | D:6      | Reached skill level 10 in Axes
  4826 | D:7      | Reached **** piety under Trog
  5145 | D:7      | Reached XP level 9. HP: 69/75 MP: 8/8
  5262 | D:7      | Reached skill level 1 in Ranged Weapons
  5580 | D:7      | Reached skill level 1 in Evocations
  6590 | D:8      | Found a bloodstained altar of Trog.
  6597 | D:8      | Found a broken altar of Ashenzari.
  6601 | D:8      | Found a hazy altar of Hepliaklqana.
  7159 | D:9      | Reached XP level 10. HP: 61/86 MP: 9/9
  7505 | D:9      | Identified the staff of air "Nialleon" {rElec Dex+2}
  7791 | D:9      | Found a burning altar of Makhleb.
  7839 | D:9      | Found an ancient bone altar of Kikubaaqudgha.
  7840 | D:9      | Found a shimmering blue altar of Sif Muna.
  7967 | D:8      | Reached skill level 5 in Dodging
  7967 | D:8      | Reached ***** piety under Trog
  8265 | D:9      | Found an iron altar of Okawaru.
  8483 | D:10     | Entered Level 10 of the Dungeon
  8625 | D:10     | Noticed Joseph
  8643 | D:10     | Killed Joseph
  8684 | D:10     | Noticed a gargoyle
  8696 | D:10     | Killed a gargoyle
  8902 | D:10     | Noticed a centaur warrior
  8910 | D:10     | Killed a centaur warrior
  9005 | D:10     | Found an ornate altar of the Wu Jian Council.
  9084 | D:10     | Found a staircase to the Lair.
  9261 | Lair:1   | Entered Level 1 of the Lair of Beasts
  9631 | Lair:1   | Reached XP level 11. HP: 81/95 MP: 10/10
 10916 | Lair:2   | Noticed a skyshark
 10927 | Lair:2   | Killed a skyshark
 11006 | Lair:2   | Reached skill level 15 in Axes
 11140 | Lair:2   | Reached skill level 5 in Evocations
 11339 | Lair:2   | Found a staircase to the Snake Pit.
 11352 | Lair:2   | Reached skill level 5 in Ranged Weapons
 11923 | Lair:2   | Received a gift from Trog
 12538 | Lair:3   | Noticed a catoblepas
 12559 | Lair:3   | Killed a catoblepas
 12564 | Lair:3   | Reached XP level 12. HP: 97/106 MP: 11/11
 12718 | Lair:3   | Reached skill level 10 in Armour
 12753 | Lair:3   | Reached skill level 10 in Fighting
 12772 | Lair:3   | Noticed a death yak
 12772 | Lair:3   | Noticed a death yak
 12774 | Lair:3   | Noticed a death yak
 12775 | Lair:3   | Noticed a death yak
 12785 | Lair:3   | Killed a death yak
 12787 | Lair:3   | Noticed a death yak
 12790 | Lair:3   | Killed a death yak
 12792 | Lair:3   | Killed a death yak
 12797 | Lair:3   | Killed a death yak
 12798 | Lair:3   | Killed a death yak
 12914 | Lair:3   | Found a staircase to the Shoals.
 13241 | Lair:3   | Noticed a catoblepas
 13252 | Lair:3   | Killed a catoblepas
 13281 | Lair:3   | Reached skill level 1 in Throwing
 13409 | Lair:3   | Noticed a catoblepas
 13422 | Lair:3   | Killed a catoblepas
 13787 | Lair:4   | Identified the +5 pair of gloves of the Enchanted Forest
                  | {Int+3}
 13791 | Lair:4   | Noticed a six-headed hydra
 13802 | Lair:4   | Killed a seven-headed hydra
 14110 | Lair:4   | Noticed a catoblepas
 14125 | Lair:4   | Killed a catoblepas
 14343 | Lair:4   | You fall into a shaft and drop 1 floor!
 14343 | Lair:5   | Entered Level 5 of the Lair of Beasts
 14451 | Lair:5   | Reached XP level 13. HP: 111/119 MP: 12/12
 14523 | Lair:4   | Found a viscous altar of Jiyva.
 14523 | Lair:4   | Found a staircase to the Slime Pits.
 16143 | Lair:5   | Received a gift from Trog
 16477 | Lair:5   | Reached skill level 5 in Throwing
 16854 | Lair:5   | Reached XP level 14. HP: 129/129 MP: 13/13
 18510 | Lair:5   | Identified the +0 kite shield "Ulyz" {rC- Will++}
 18920 | D:11     | Received a gift from Trog
 18928 | D:11     | Noticed Josephine
 18941 | D:11     | Killed Josephine
 18943 | D:11     | Noticed Urug
 18959 | D:11     | Killed Urug
 19472 | D:11     | Found a staircase to the Orcish Mines.
 19924 | D:11     | Identified the +7 trident "Ybyess" {freeze, Dex+4}
 20087 | Orc:1    | Entered Level 1 of the Orcish Mines
 20179 | Orc:1    | Received a gift from Trog
 20580 | Orc:1    | Paralysed by an orc sorcerer for 2 turns
 20829 | Orc:2    | Entered Level 2 of the Orcish Mines
 20829 | Orc:2    | Found a gate leading to a gauntlet.
 20838 | Orc:2    | Found a staircase to the Elven Halls.
 20871 | Gauntlet | Entered a Gauntlet
 20871 | Gauntlet | Found a transporter.
 20880 | Gauntlet | Found a transporter.
 20893 | Gauntlet | Found a transporter.
 20896 | Gauntlet | Found a transporter.
 20906 | Gauntlet | Found a transporter.
 20925 | Gauntlet | Found a runed translucent gate.
 20926 | Gauntlet | Found a transporter.
 20926 | Gauntlet | Found a runed translucent gate.
 20927 | Gauntlet | Found a runed translucent gate.
 20939 | Gauntlet | Found a transporter.
 20956 | Gauntlet | Found a transporter.
 20960 | Gauntlet | Found a transporter.
 20968 | Gauntlet | Found a transporter.
 20989 | Gauntlet | Found a transporter.
 20991 | Gauntlet | Found a transporter.
 21068 | Gauntlet | Identified the amulet "Faostain" {Acrobat Rampage}
 21139 | Gauntlet | Identified the +2 flail of Vahil {spect, Str+5 Int-4
                  | Dex+10}
 21159 | Gauntlet | Identified the +0 robe "Des Muar" {Rampage Will- Str+2}
 21164 | Gauntlet | Identified the +3 ring mail of Disappointment {rElec Str+7
                  | Int-4}
 21166 | Gauntlet | Identified the +0 chain mail of Fun and Games {Dex+3}
 21341 | Orc:2    | Noticed an orc warlord
 21367 | Orc:2    | Killed an orc warlord
 21608 | Orc:2    | Noticed Nergalle
 21631 | Orc:2    | Received a gift from Trog
 21632 | Orc:2    | Reached skill level 15 in Fighting
 21636 | Orc:2    | Killed Nergalle
 21796 | Orc:2    | Found Uczoky Pilisch's Book Emporium.
 22053 | Orc:2    | Found Mimiamer's General Store.
 22197 | Orc:2    | Found Weorug's Antique Armour Emporium.
 22212 | Orc:2    | Found Vairy's Antique Weapon Emporium.
 22597 | D:12     | Found a transporter.
 22653 | D:12     | Found a transporter.
 22655 | D:12     | Noticed SecretSquirrel's ghost (journeyman SpHu)
 22909 | D:12     | Found Qaxzauc's Distillery.
 22915 | D:12     | Bought a potion of might for 60 gold pieces
 22915 | D:12     | Bought a potion of cancellation for 120 gold pieces
 22924 | D:12     | Reached XP level 15. HP: 141/141 MP: 14/14
 23372 | D:12     | Noticed Kirke
 23390 | D:12     | Killed Kirke
 24126 | D:14     | Reached skill level 10 in Evocations
 24290 | D:14     | Found a gate to the Vaults.
 24490 | D:14     | Found a burning altar of Makhleb.
 24794 | D:15     | Entered Level 15 of the Dungeon
 24866 | D:15     | Noticed Louise
 24902 | D:15     | Killed Louise
 24902 | D:15     | Received a gift from Trog
 25369 | D:15     | Found a staircase to the Depths.
 26827 | Shoals:1 | Entered Level 1 of the Shoals
 28074 | Shoals:2 | Found a gateway to a bazaar.
 28079 | Shoals:2 | Reached XP level 16. HP: 155/155 MP: 15/15
 28102 | Shoals:2 | Received a gift from Trog
 28103 | Shoals:2 | Noticed Aizul
 28111 | Shoals:2 | Killed Aizul
 28174 | Bazaar   | Entered a bazaar
 28174 | Bazaar   | Found Unekov's Distillery.
 28174 | Bazaar   | Found Mezill's Assorted Antiques.
 28275 | Bazaar   | Found Sugawnaofa's Jewellery Shoppe.
 28275 | Bazaar   | Found Ilyupt's Antique Weapon Shoppe.
 28298 | Bazaar   | Bought 2 potions of heal wounds for 80 gold pieces
 28298 | Bazaar   | Bought a potion of might for 32 gold pieces
 28298 | Bazaar   | Bought a potion of might for 32 gold pieces
 28302 | Bazaar   | Bought a runed chain mail for 135 gold pieces
 28309 | Bazaar   | Bought the ring "Junleist" {*Slow rC+ rCorr Dex+5} for 505
                  | gold pieces
 28332 | Shoals:2 | Found a frozen archway.
 28350 | Shoals:2 | Reached skill level 15 in Armour
 28473 | IceCv    | Entered an ice cave
 28999 | IceCv    | Received a gift from Trog
 29058 | IceCv    | Reached skill level 10 in Ranged Weapons
 29066 | IceCv    | Reached skill level 10 in Dodging
 29298 | IceCv    | Found a viscous altar of Jiyva.
 29318 | IceCv    | Identified the amulet "Jusk" {Acrobat rC+ Str+4}
 29553 | Shoals:2 | Noticed a kraken
 29572 | Shoals:2 | Killed a kraken
 30647 | Shoals:3 | Received a gift from Trog
 30802 | Shoals:3 | Noticed a kraken
 30813 | Shoals:3 | Killed a kraken
 31303 | Shoals:3 | Noticed a kraken
 31311 | Shoals:3 | Killed a kraken
 31392 | Shoals:3 | Noticed Ilsuiw
 31411 | Shoals:3 | Killed Ilsuiw
 31717 | Shoals:2 | Reached XP level 17. HP: 127/172 MP: 10/16
 33139 | Shoals:4 | Entered Level 4 of the Shoals
 33169 | Shoals:4 | Received a gift from Trog
 34634 | Shoals:4 | Reached ****** piety under Trog
 34640 | Shoals:4 | Got a barnacled rune of Zot
 35196 | Snake:1  | Entered Level 1 of the Snake Pit
 35328 | Snake:1  | Identified the +4 battleaxe "Yronaikh" {flame, rPois Dex+6}
                  | (Trog gifted it to you on level 1 of the Snake Pit)
 35328 | Snake:1  | Received a gift from Trog
 35726 | Snake:1  | Found a transporter.
 35727 | Snake:1  | Found a radiant altar of Vehumet.
 36021 | Snake:1  | Noticed Roxanne
 36062 | Snake:1  | Killed Roxanne
 36062 | Snake:1  | Noticed Rupert
 36071 | Snake:1  | Killed Rupert
 36925 | Snake:2  | Found Yfupniud's Specific Store.
 36928 | Snake:2  | Found Ompoum's General Store.
 36933 | Snake:2  | Bought a scroll of fog for 56 gold pieces
 36933 | Snake:2  | Bought a scroll of fear for 56 gold pieces
 37073 | Snake:2  | Found a runed translucent gate.
 37073 | Snake:2  | Found a runed translucent gate.
 37073 | Snake:2  | Found a runed translucent gate.
 37073 | Snake:2  | Found Eluwk's Assorted Antiques.
 37073 | Snake:2  | Found an opulent altar of Gozag.
 37074 | Snake:2  | Noticed Linnx's ghost (journeyman MiFi)
 37075 | Snake:2  | Found Vysul's Assorted Antiques.
 37128 | Snake:2  | Reached XP level 18. HP: 181/184 MP: 17/17
 37865 | Snake:2  | Killed Linnx's ghost
 37943 | Snake:2  | Bought a green potion for 36 gold pieces
 37943 | Snake:2  | Bought a potion of might for 164 gold pieces
 37977 | Snake:2  | Bought a runed onyx ring for 205 gold pieces
 37977 | Snake:2  | Bought a scratched cabochon ring for 205 gold pieces
 38012 | Snake:3  | Noticed Vashnia
 38539 | Snake:3  | Received a gift from Trog
 38675 | Snake:3  | Killed Vashnia
 39599 | Snake:3  | Noticed Mlioglotl
 39610 | Snake:3  | Killed Mlioglotl
 39784 | Snake:4  | Entered Level 4 of the Snake Pit
 39897 | Snake:4  | Identified a scroll of acquirement
 40466 | Snake:4  | Received a gift from Trog
 41296 | Snake:4  | Reached XP level 19. HP: 178/191 MP: 14/18
 42156 | Snake:4  | Received a gift from Trog
 42742 | Snake:4  | Got a serpentine rune of Zot
 42748 | Snake:4  | Acquired a manual of Evocations
 43046 | Vaults:1 | Entered Level 1 of the Vaults
 43186 | Vaults:1 | Found Qoogre's Armour Boutique.
 43458 | Vaults:1 | Reached skill level 10 in Throwing
 43665 | Vaults:1 | Noticed Nikola
 43679 | Vaults:1 | Killed Nikola
 44300 | Vaults:1 | Received a gift from Trog
 44707 | Vaults:1 | Reached skill level 15 in Evocations
 44938 | Vaults:2 | Identified the ring "Dacexias" {rF+ Will+ Int+6 Dex-3}
 44940 | Vaults:2 | Noticed Margery
 44962 | Vaults:2 | Noticed Bai Suzhen
 44967 | Vaults:2 | HP: 6/191 [Margery/+3 demon trident of flaming (15)]
 44976 | Vaults:2 | Killed Margery
 44988 | Vaults:2 | Slain by Bai Suzhen

Illustrated notes

Levels and vault maps discovered:
D:1:      scummos_arrival_gate, layout_rooms
D:2:      layout_loops_ring, grunt_ministairs_6
D:3:      layout_basic, chei_slow_surprise,
          shapermc_ecumenical_altar_mp_vishouse, kennysheep_big_empty_room
D:4:      layout_basic
D:5:      layout_basic, minmay_temple_entry_statues,
          hellmonk_ghost_happy_afterlife, dk_noncrumbling_3, uniq_duvessa
D:6:      layout_rooms, mainiacjoe_overflow_six_doors_small, uniq_edmund
D:7:      kennysheep_housing_project, layout_basic, minivault_24
D:8:      layout_cave_pools, grunt_temple_overflow_diamond
D:9:      layout_cave_pools, mainiacjoe_overflow_large_starburst,
          mainiacjoe_overflow_alcove_1, old_standard_altar,
          minmay_misc_feat_more_columns, worms_lemuel
D:10:     layout_irregular_city, mainiacjoe_overflow_brackets, uniq_joseph
D:11:     layout_stronghold, hiddenorc2_lemuel, uniq_urug, uniq_josephine
D:12:     layout_stronghold, gammafunk_ghost_mausoleum, serial_shops,
          nicolae_shop_rolling_square, uniq_kirke
D:13:     layout_loops_ring
D:14:     layout_cross, lightli_vaults_fourway_checkpoint, minivault_23,
          makhleb_altar_promises_db
D:15:     hangedman_depths_entry_try_elsewhere_first, layout_layer_cave,
          minmay_misc_feat_rows, uniq_louise
Lair:1:   layout_roguey, chequers_serial_rivers_large_a, st_stairs_7
Lair:2:   layout_chaotic_city, dummy_snake_entry
Lair:3:   layout_concentric_octagons, minmay_shoals_entry_hut,
          kennysheep_basilisk_garden, serial_bayou_shore_b
Lair:4:   layout_cave_pods, slime_entry_1
Lair:5:   hangedman_lair_tendril_chambers, layout_regular_city,
          guppyfry_lair_end_dragon, serial_bayou_crossing
Shoals:1: layout_shoals
Shoals:2: layout_shoals, serial_shops, bzr_entry_customers,
          portal_ice_cave_entry_ugly_swarm, uniq_aizul
Shoals:3: layout_shoals, nicolae_shoals_kraken_intersection, uniq_ilsuiw
Shoals:4: shoals_end_hangedman, layout_shoals
Snake:1:  gammafunk_sealed_library, layout_honeycomb, grunt_megastairs_2,
          uniq_rupert, uniq_roxanne
Snake:2:  layout_cave_town, ebering_ghost_gozag, grunt_ministairs_1,
          nicolae_specific_store, st_stairs_11, drop_trap,
          hangedman_snake_thin_pillar_pass, nicolae_snake_ghostly_warrior_ritual
Snake:3:  nicolae_cobra_stairs, layout_misc_corridors, serial_bayou_pond_e,
          uniq_vashnia, uniq_mlioglotl
Snake:4:  grunt_snake_rune_pools, layout_onion
Orc:1:    nicolae_orc_accident_2, layout_caves
Orc:2:    grunt_orc_cross, layout_diamond_mine, gauntlet_entry_generic
Vaults:1: nicolae_vaults_network_periphery, v_misc_19,
          nicolae_vaults_network_square, nicolae_vaults_three_branches,
          ontoclasm_vaults_fault, nicolae_vaults_octothorpe, v_pattern_1,
          st_smaller_cells, nicolae_vaults_taking_the_gang_shopping,
          nicolae_vaults_specimen_jars, hangedman_vaults_stagger,
          hangedman_vaults_impose, layout_vaults_ring, uniq_nikola
Vaults:2: nicolae_vaults_closet_pinwheel_1, v_pattern_5,
          nicolae_vaults_weapon_check, nicolae_vaults_circle_grid_a,
          minmay_crypt_entry_necro_gods, nicolae_vaults_two_Ls,
          nicolae_vaults_trapezoid_2, nicolae_vaults_tetromino_T_1,
          nicolae_vaults_border_crossing, nicolae_vaults_double_plus_1,
          layout_vaults_omnigrid, nicolae_trove_entry_diagonal, uniq_margery,
          uniq_bai_suzhen

Skill      XL: |  1  2  3  4  5  6  7  8  9 10 11 12 13 14 15 16 17 18 19 |
---------------+----------------------------------------------------------+-----
Axes           | 4 5 6 8 12 13 14 15 16 17 18 19 20 21 22 | 22.0
Fighting       | 4 5 6 7 8 9 12 13 15 17 20 22 | 22.0
Armour         | 3 4 5 6 7 8 9 10 11 13 14 16 17 18 | 18.0
Dodging        | 3 4 6 8 9 10 11 12 | 12.0
Ranged Weapons | 3 4 5 6 8 9 10 11 12 | 12.0
Evocations     | 2 4 5 6 7 9 10 11 16 | 16.4
Throwing       | 2 5 6 7 9 10 | 10.0

Action                     |  1- 3 |  4- 6 |  7- 9 | 10-12 | 13-15 | 16-18 | 19-21 || total
---------------------------+-------+-------+-------+-------+-------+-------+-------++-------
  Melee: Hand axe          |    94 |   122 |    45 |       |       |       |       ||   261
         Headbutt          |    15 |    12 |    45 |    98 |   202 |   225 |    63 ||   660
         Punch             |     1 |     2 |     5 |     9 |     7 |       |       ||    24
         War axe           |       |       |   200 |   444 |   372 |       |       ||  1016
         Battleaxe         |       |       |       |     1 |   595 |   674 |   287 ||  1557
         Executioner's axe |       |       |       |       |       |   323 |       ||   323
   Fire: Shortbow          |       |       |    71 |    68 |    64 |   182 |    33 ||   418
         Sling             |       |       |       |       |   197 |       |       ||   197
  Throw: Javelin           |       |     2 |       |       |       |       |       ||     2
         Dart              |       |     1 |    11 |     2 |       |     3 |     2 ||    19
         Throwing net      |       |       |       |       |       |       |     3 ||     3
 Invoke: Berserk           |       |       |     2 |     5 |     1 |     2 |       ||    10
         Trog's Hand       |       |       |       |       |     5 |     7 |     2 ||    14
         Brothers in Arms  |       |       |       |       |     1 |     1 |     2 ||     4
  Evoke: Wand              |       |       |     4 |     5 |    12 |    26 |     8 ||    55
         Lightning rod     |       |       |       |       |     5 |       |       ||     5
         Condenser vane    |       |       |       |       |     2 |     4 |     1 ||     7
         Phial of floods   |       |       |       |       |     2 |     2 |     2 ||     6
         Box of beasts     |       |       |       |       |     1 |       |       ||     1
    Use: Scroll            |       |       |    12 |    12 |    13 |     7 |     9 ||    53
         Potion            |       |       |       |     2 |     6 |     3 |     5 ||    16
   Stab: Sleeping          |     1 |       |       |       |       |       |       ||     1
         Petrifying        |       |       |       |     3 |       |       |       ||     3
         Distracted        |       |       |       |       |       |     1 |       ||     1
         Held in net/web   |       |       |       |       |       |       |     1 ||     1
 Armour: Animal skin       |    12 |       |       |       |       |       |       ||    12
         Chain mail        |    21 |    66 |   138 |   151 |   345 |       |       ||   721
         Plate armour      |       |       |       |       |   238 |   727 |   162 ||  1127
  Dodge: Dodged            |    58 |    58 |   155 |   191 |   621 |   842 |   188 ||  2113
